 Dungeon Crawl Stone Soup version 0.30-a0-190-g22c9a3c0ff (webtiles) character file.

Game seed: 6505124237539907695

43 Johnny the Chiller (level 3, -1/23 HPs)
             Began as an Octopode Ice Elementalist on Oct 4, 2022.
             Splashed by a jelly's acid (7 damage)
             ... on level 2 of the Dungeon.
             The game lasted 00:01:26 (1119 turns).

Johnny the Chiller (Octopode Ice Elementalist)      Turns: 1119, Time: 00:01:26

Health: -1/23      AC: -7    Str:  7    XL:     3   Next: 58%
Magic:  6/6        EV: 13    Int: 19    God:
Gold:   110        SH:  0    Dex: 12    Spells: 4/6 levels left

rFire   . . .      SeeInvis .    b - staff of cold
rCold   + . .      Faith    .    (no shield)
rNeg    . . .      Spirit   .    (helmet restricted)
rPois   .          Reflect  .    (no amulet)
rElec   .          Harm     .    (no ring)
rCorr   .          Rampage  .    (no ring)
Will    .....                    (no ring)
Stlth   +++.......               (no ring)
HPRegen 0.23/turn                (no ring)
MPRegen 0.10/turn                (no ring)
                                 (no ring)
                                 (no ring)

@: corroded
A: almost no armour, amphibious, 8 rings, camouflage 1, gelatinous body 1,
(nimble swimmer 1), tentacles
a: no special abilities


You were on level 2 of the Dungeon.
You visited 1 branch of the dungeon, and saw 2 of its levels.

You collected 110 gold pieces.

Inventory:

Armour
 e - a +0 buckler
Magical Staves
 b - a staff of cold (weapon)
Scrolls
 d - a scroll of blinking {unknown}
Potions
 a - a potion of magic
 c - a potion of brilliance {unknown}
 f - a potion of heal wounds {unknown}


   Skills:
 + Level 1.0 Fighting
 + Level 2.4 Dodging
 + Level 3.4 Stealth
 + Level 0.4 Shields
 + Level 2.3 Spellcasting
 + Level 4.1 Ice Magic
 + Level 0.6 Earth Magic


You had 4 spell levels left.
You knew the following spells:

 Your Spells              Type           Power      Damage    Failure   Level
a - Freeze                Ice            100%       1d11      3%          1
b - Sandblast             Erth           8%         2d5       12%         1

Your spell library contained the following spells:

 Spells                   Type           Power      Damage    Failure   Level
 Frozen Ramparts          Ice            52%        1d8       9%          3
 Ozocubu's Armour         Ice            26%        N/A       9%          3
 Passwall                 Tmut/Erth      2%         N/A       22%         2
 Blink                    Tloc           4%         N/A       24%         2
 Momentum Strike          Conj/Tloc      4%         3d8       24%         2
 Stone Arrow              Conj/Erth      6%         3d7       38%         3
 Lesser Beckoning         Tloc           4%         N/A       43%         3
 Summon Ice Beast         Ice/Summ       15%        N/A       56%         4


Dungeon Overview and Level Annotations

Branches:
Dungeon (2/15)

Altars:

Annotations:
D:1 1 transporter
D:2 1 runed translucent door, Crazy Yiuf, Robin


Innate Abilities, Weirdness & Mutations

You cannot wear most types of armour.
You are amphibious.
You can wear up to eight rings at the same time.
Your skin changes colour to match your surroundings (Stealth+).
Your rubbery body absorbs attacks. (AC +1, EV +1)
((You are camouflaged when in or above water. (Stealth+)))
You have tentacles for arms and can constrict up to eight enemies at once.


Message History

No target in view!
No target in view!
No target in view!
No target in view!
No target in view!
No target in view!
No target in view!
You barely miss the ball python. You grab the ball python.
You constrict the ball python. The ball python bites you.
The ball python completely misses you.
You hit the ball python.
You kill the ball python!
No target in view!
No target in view!
No target in view!
You see here a +0 great sword.
You see here a +4 dagger of venom.
You see here a +4 dagger of venom.
You see here a +4 dagger of venom.
A jelly is nearby!
A jelly is nearby!
No target in view!
No target in view!
No target in view!
No target in view!
No target in view!
A jelly is nearby!
The jelly quivers.
You hit the jelly. The acid corrodes you!
Your tentacles burn!
You squeeze the jelly.
The jelly is heavily wounded.
The jelly closely misses you. The jelly hits you. The acid corrodes you!
You are splashed with acid.
You hit the jelly but do no damage.
Your tentacles burn!
You squeeze the jelly, but do no damage.
The jelly is heavily wounded.
The jelly hits you.
* * * LOW HITPOINT WARNING * * *
You are splashed with acid!
You die...

#........# #.#
#.######.## ###.#####.#
##...##
..........####.#.#.#
......#...g........#
..#.#.#.######.#.#.#
#.#.#.#.# ##....##
#.#.#.#.# ####....##
....J...# #...@....#
#.###...# #.##.J..## #g#
###.# #.##.#.## #J# #.#
#.##.### #.# #.# #.##.#
#.#####.# #.##<#
#.g.J...#####.##.#
#######.......##.#
#######.####..##.#######


You could see a jelly.

Vanquished Creatures
  An adder (D:2)
  A worm (D:2)
  2 dart slugs
  2 endoplasms
  6 giant cockroaches
  2 goblins (D:1)
  4 hobgoblins
  A quokka (D:2)
  2 ball pythons
  4 rats (D:1)
25 creatures vanquished.

Notes
Turn   | Place    | Note
-------+----------+-------------------------------------------
     0 | D:1      | Johnny the Octopode Ice Elementalist began the quest for
                  | the Orb.
     0 | D:1      | Reached XP level 1. HP: 11/11 MP: 3/3
   212 | D:1      | Found a faded altar of an unknown god.
   234 | D:1      | Reached XP level 2. HP: 15/18 MP: 5/5
   312 | D:1      | Learned a level 1 spell: Sandblast
   731 | D:2      | Noticed Robin
   844 | D:2      | Found a runed translucent door.
   845 | D:2      | Noticed Crazy Yiuf
   873 | D:2      | Reached XP level 3. HP: 22/22 MP: 4/6
   904 | D:2      | Reached skill level 1 in Fighting
  1119 | D:2      | Splashed by a jelly's acid

Illustrated notes

Levels and vault maps discovered:
D:1:      spicycebolla_arrival_risky_transporter, layout_basic,
          shapermc_ecumenical_altar_notcrosses
D:2:      layout_loops_ring, chequers_jeans, chequers_decorated_corner,
          minmay_heptomino_o4, uniq_sigmund, uniq_robin,
          uniq_crazy_yiuf_cottage, uniq_jessica

Skill      XL: |  1  2  3 |
---------------+----------+-----
Stealth        | 3 |  3.4
Fighting       | 1 |  1.0
Dodging        | |  2.4
Shields        | |  0.4
Spellcasting   | |  2.3
Ice Magic      | |  4.1
Earth Magic    | |  0.6

Action                   || total
-------------------------++-------
Melee: Unarmed           ||     8
       Staff             ||    37
       Constrict         ||    14
       Tentacles         ||    10
       Punch             ||     1
 Cast: Freeze            ||    13
 Stab: Sleeping          ||    10
Armor: Skin              ||     2
Dodge: Dodged            ||    31

Table legend: (Time is in decaauts)
 A = Elapsed time spent in this place.
 B = Non-inter-level travel time spent in this place.
 C = Inter-level travel time spent in this place.
 D = Time resting spent in this place.
 E = Time spent auto-exploring this place.
 F = Levels seen in this place.
 G = Mean time per level.
                   A        B        C        D        E       F      G
               +--------+--------+--------+--------+--------+-----+--------+
         Total |   1125 |   1031 |     94 |     58 |    744 |   2 |  562.5 |
       Dungeon |   1125 |   1031 |     94 |     58 |    744 |   2 |  562.5 |
               +--------+--------+--------+--------+--------+-----+--------+

Top non-repeatable levels by time:
     D:1: 720 daAuts
     D:2: 404 daAuts
